 Dungeon Crawl Stone Soup version 0.28-a0-1485-g077359a4bf (webtiles) character file.

Game seed: 2626024498510442285

58 sanka the Conjurer (level 4, 0/32 HPs)
             Began as a Gnoll Conjurer on Jan 11, 2022.
             Slain by Sigmund (5 damage)
             ... on level 2 of the Dungeon.
             The game lasted 00:02:31 (1995 turns).

sanka the Conjurer (Gnoll Conjurer)                 Turns: 1995, Time: 00:02:31

Health: 0/32       AC:  2    Str:  6    XL:     4   Next: 2%
Magic:  3/11       EV: 13    Int: 20    God:
Gold:   102        SH:  0    Dex: 10    Spells: 10/13 levels left

rFire   . . .      SeeInvis .     - Unarmed
rCold   . . .      Faith    .   (no shield)
rNeg    . . .      Spirit   .   a - +0 robe
rPois   .          Reflect  .   (no helmet)
rElec   .          Harm     .   (no cloak)
rCorr   .          Rampage  .   (no gloves)
Will    .....                   (no boots)
Stlth   ++........              (no amulet)
HPRegen 0.10/turn               (no ring)
MPRegen 0.12/turn               (no ring)

@: no status effects
A: fangs 1, strong nose, distributed training
a: no special abilities


You were on level 2 of the Dungeon.
You visited 1 branch of the dungeon, and saw 2 of its levels.

You collected 102 gold pieces.


Innate Abilities, Weirdness & Mutations

You have very sharp teeth.
Your uncanny sense of smell can sniff out nearby items.
Your experience applies equally to all skills.


   Skills:
 + Level 1.0 Fighting
 + Level 1.0 Short Blades
 + Level 1.0 Long Blades
 + Level 1.0 Axes
 + Level 1.0 Maces & Flails
 + Level 1.0 Polearms
 + Level 1.0 Staves
 + Level 1.0 Slings
 + Level 1.0 Bows
 + Level 1.0 Crossbows
 + Level 1.0 Throwing
 + Level 1.0 Armour
 + Level 4.6 Dodging
 + Level 4.2 Stealth
 + Level 1.0 Shields
 + Level 1.0 Unarmed Combat
 + Level 5.0 Spellcasting
 + Level 7.1 Conjurations
 + Level 0.7 Hexes
 + Level 0.7 Summonings
 + Level 0.7 Necromancy
 + Level 0.7 Translocations
 + Level 0.7 Transmutations
 + Level 0.7 Fire Magic
 + Level 0.7 Ice Magic
 + Level 0.7 Air Magic
 + Level 0.7 Earth Magic
 + Level 0.7 Poison Magic
 + Level 1.1 Invocations
 + Level 1.0 Evocations


You had 10 spell levels left.
You knew the following spells:

 Your Spells              Type           Power      Damage    Failure   Level
x - Searing Ray           Conj           66%        2d6       1%          2
z - Magic Dart            Conj           100%       1d8       1%          1

Your spell library contained the following spells:

 Spells                   Type           Power      Damage    Failure   Level
 Dazzling Flash           Conj/Hex       40%        N/A       7%          3
 Fulminant Prism          Conj/Hex       10%        3d9       22%         4
 Iskenderun's Mystic Bla  Conj/Tloc      20%        2d6       22%         4

Inventory:

Armour
 a - a +0 robe (worn)
Scrolls
 b - a scroll of teleportation {unknown}
 e - a scroll of acquirement {unknown}
Potions
 c - a potion of cancellation {unknown}
 d - a potion of mutation {unknown}
 f - a potion of brilliance {unknown}
 g - a potion of attraction {unknown}
 h - a potion of invisibility {unknown}
 i - a potion of flight {unknown}
 j - a potion of degeneration {unknown}

Dungeon Overview and Level Annotations

Branches:
Dungeon (2/15)

Altars:

Annotations:
D:2 Sigmund

.▒▒▒..▒▒.▒▒.▒.▒.▒
▒...▒ ▒.. ▒▒
▒▒▒'▒........▒
▒▒▒.▒.▒ ▒▒▒▒▒..
.▒ ▒.▒▒▒▒)▒...▒
▒...▒.▒ ▒......
.▒ ▒....▒.▒<..▒
▒.▒▒▒.▒ ▒.▒▒▒.▒
▒▒ ▒▒▒▒.▒.▒...▒
▒.....▒ ▒.▒ ▒.▒
▒......▒▒
▒▒▒▒▒@▒▒▒.▒▒▒.▒
▒▒▒.▒..▒
▒..▒▒...... ▒▒▒▒▒
▒.▒▒▒▒▒▒▒▒▒
▒..▒▒▒▒▒▒.▒ ...^▒
▒.(...g.@.▒▒▒...▒
▒.. ▒▒▒▒▒
▒▒▒▒▒▒▒.......▒.▒
▒.▒ ▒.▒.......▒
▒.▒
▒.▒..▒....▒▒▒▒▒.▒
▒.▒..▒...........
▒.▒.......▒▒.)...
▒.▒.▒▒.▒...▒.▒▒.▒
▒.▒.▒▒▒▒.▒......▒
▒...▒▒..........▒


You could see Sigmund.


Message History

Sigmund gestures at you while chanting. The magic dart hits you!
You bump into the rock wall.
Sigmund closely misses you.
You feel less confused.
Aiming: Searing Ray (safe; 1% risk of failure)
Aim: Sigmund, wielding a +1 scythe of protection and wearing a +0 robe (moderately wounded, 78% to hit)
The searing ray misses Sigmund. (Press . to maintain the ray.)
The searing ray hits Sigmund.
Sigmund is moderately wounded.
Sigmund hits you from afar with a +1 scythe of protection.
* * * LOW HITPOINT WARNING * * *
The searing ray hits Sigmund.
Sigmund is heavily wounded.
Sigmund hits you from afar with a +1 scythe of protection!
* * * LOW HITPOINT WARNING * * *
The searing ray hits Sigmund.
Sigmund is heavily wounded.
You finish channelling your searing ray.
Unknown command.
Aiming: Searing Ray (safe; 1% risk of failure)
Aim: Sigmund, wielding a +1 scythe of protection and wearing a +0 robe (heavily wounded, 78% to hit)
The searing ray hits Sigmund.
Sigmund is severely wounded. (Press . to maintain the ray.) Sigmund barely misses you.
The searing ray misses Sigmund.
Sigmund hits you from afar with a +1 scythe of protection.
You die...

Action                   |  1- 3 |  4- 6 || total
-------------------------+-------+-------++-------
 Cast: Magic Dart        |    57 |     2 ||    59
       Searing Ray       |       |     4 ||     4
Dodge: Dodged            |     4 |     5 ||     9

Levels and vault maps discovered:
D:1:      zaba_arrival_water, layout_loops_ring
D:2:      layout_basic, hellmonk_ecumenical_altar_slurped_away, uniq_sigmund

Notes
Turn   | Place    | Note
-------+----------+-------------------------------------------
     0 | D:1      | sanka the Gnoll Conjurer began the quest for the Orb.
     0 | D:1      | Reached XP level 1. HP: 13/13 MP: 6/6
   200 | D:1      | Reached XP level 2. HP: 19/19 MP: 4/7
   539 | D:1      | Reached XP level 3. HP: 25/25 MP: 7/9
   809 | D:1      | Reached skill level 5 in Spellcasting
  1135 | D:2      | Found a faded altar of an unknown god.
  1349 | D:2      | Reached skill level 1 in Invocations
  1551 | D:2      | Reached skill level 1 in Fighting
  1551 | D:2      | Reached skill level 1 in Short Blades
  1551 | D:2      | Reached skill level 1 in Long Blades
  1551 | D:2      | Reached skill level 1 in Axes
  1551 | D:2      | Reached skill level 1 in Maces & Flails
  1551 | D:2      | Reached skill level 1 in Polearms
  1551 | D:2      | Reached skill level 1 in Staves
  1551 | D:2      | Reached skill level 1 in Slings
  1551 | D:2      | Reached skill level 1 in Bows
  1551 | D:2      | Reached skill level 1 in Crossbows
  1551 | D:2      | Reached skill level 1 in Throwing
  1551 | D:2      | Reached skill level 1 in Armour
  1551 | D:2      | Reached skill level 1 in Shields
  1551 | D:2      | Reached skill level 1 in Unarmed Combat
  1551 | D:2      | Reached skill level 1 in Evocations
  1559 | D:2      | Reached XP level 4. HP: 32/32 MP: 7/11
  1661 | D:2      | Noticed Sigmund
  1727 | D:2      | Learned a level 2 spell: Searing Ray
  1995 | D:2      | Slain by Sigmund

Vanquished Creatures
  An adder (D:2)
  2 dart slugs (D:1)
  4 endoplasms (D:2)
  2 giant cockroaches (D:2)
  5 goblins (D:1)
  5 hobgoblins
  2 jackals (D:1)
  6 kobolds
  4 ball pythons
  7 bats
  2 frilled lizards (D:1)
  A rat (D:1)
41 creatures vanquished.
